 Dungeon Crawl Stone Soup version 0.27.1-33-g824d729ab1 (webtiles) character file.

Game seed: 2933565788991274678

221 Letschi the Changer (level 5, -2/49 HPs)
             Began as an Octopode Transmuter on Dec 4, 2021.
             Slain by a killer bee (8 damage)
             ... on level 4 of the Dungeon.
             The game lasted 00:11:32 (4816 turns).

Letschi the Changer (Octopode Transmuter)           Turns: 4816, Time: 00:11:32

Health: -2/49      AC:  1    Str: 10    XL:     5   Next: 98%
Magic:  8/9        EV: 13    Int: 16    God:
Gold:   93         SH:  0    Dex: 12    Spells: 4/10 levels left

rFire    . . .     SeeInvis .   a - +2 whip (elec)
rCold    . . .     Faith    .   (no shield)
rNeg     . . .     Spirit   .   (helmet restricted)
rPois    .         Reflect  .   (no amulet)
rElec    .         Harm     .   (no ring)
rCorr    .         Rampage  .   (no ring)
Will     .....                  (no ring)
Stlth    ..........             (no ring)
HPRegen  0.16/turn              (no ring)
MPRegen  0.11/turn              (no ring)
                                (no ring)
                                (no ring)

@: berserking, lethally poisoned (-2 -> -22), wereblooded, very quick
A: almost no armour, amphibious, 8 rings, camouflage 1, gelatinous body 1,
(nimble swimmer 1), tentacles
a: no special abilities


You were on level 4 of the Dungeon.
You visited 1 branch of the dungeon, and saw 4 of its levels.

You collected 93 gold pieces.

Inventory:

Hand Weapons
 a - a +2 whip of electrocution (weapon)
Missiles
 c - 80 stones
 e - 48 bolts
 j - 7 poisoned darts
Wands
 n - a wand of charming (4)
Scrolls
 b - a scroll of noise {unknown}
 d - a scroll of brand weapon {unknown}
 f - 3 scrolls of magic mapping
 g - a scroll of fog {unknown}
 i - a scroll of holy word {unknown}
Potions
 h - a potion of might
 k - a potion of haste {unknown}
 m - 2 potions of curing
 o - a potion of lignification {unknown}
 p - a potion of invisibility {unknown}
 q - 2 potions of degeneration {unknown}


   Skills:
 - Level 1.0 Fighting
 - Level 2.0 Dodging
 - Level 3.0 Unarmed Combat
 + Level 3.1 Spellcasting
 * Level 4.3 Transmutations
 * Level 3.3 Poison Magic


You had 4 spell levels left.
You knew the following spells:

 Your Spells              Type           Power      Damage    Failure   Level
a - Beastly Appendage     Tmut           32%        N/A       3%          1
b - Wereblood             Tmut           16%        N/A       4%          2
c - Spider Form           Tmut/Pois      7%         N/A       12%         3

Your spell library contained the following spells:

 Spells                   Type           Power      Damage    Failure   Level
 Corona                   Hex            2%         N/A       19%         1
 Ensorcelled Hibernation  Hex/Ice        4%         N/A       28%         2
 Ozocubu's Armour         Ice            2%         N/A       50%         3
 Tukima's Dance           Hex            2%         N/A       50%         3
 Ice Form                 Ice/Tmut       9%         N/A       58%         4
 Metabolic Englaciation   Hex/Ice        1%         N/A       99%         5
 Simulacrum               Ice/Necr       1%         N/A       100%        6


Dungeon Overview and Level Annotations

Branches:
Dungeon (4/15)
 Temple: D:4-7

Altars:
Kikubaaqudgha
Sif Muna


Innate Abilities, Weirdness & Mutations

You cannot wear most types of armour.
You are amphibious.
You can wear up to eight rings at the same time.
Your skin changes colour to match your surroundings (Stealth+).
Your rubbery body absorbs attacks. (AC +1, EV +1)
((You are camouflaged near water. (Stealth+)))
You have tentacles for arms and can constrict up to eight enemies at once.


Message History

You howl as the wereblood boils in your veins!
No target in view!
No target in view!
You climb downwards.
There is a stone staircase leading up, spattered with blood here.
You climb upwards.
Your transformation is almost over.
There is a stone staircase leading down here.
There is a stone staircase leading down here.
You howl as the wereblood boils in your veins!
Your tentacle spike disappears.
You climb downwards.
The killer bee buzzes angrily.
The killer bee stings you.
You are poisoned.
The killer bee poisons you! The killer bee closely misses you.
The killer bee stings you. The killer bee stings you!
You are lethally poisoned!
The killer bee poisons you! The killer bee stings you. x2
* * * LOW HITPOINT WARNING * * *
The killer bee misses you. The hound completely misses you.
The killer bee barely misses you.
Found a mace and a hand axe.
There is a stone staircase leading up here.
Okay, then.
A red film seems to cover your vision as you go berserk!
You feel yourself moving faster!
You feel mighty!
You howl as the wereblood boils in your veins!
* * * LOW HITPOINT WARNING * * *
You feel very sick. The killer bee misses you.
The killer bee barely misses you. The killer bee misses you.
The killer bee stings you.
* * * LOW HITPOINT WARNING * * *
The killer bee stings you.
* * * LOW HITPOINT WARNING * * *
You are more poisoned.
The killer bee poisons you! The killer bee closely misses you.
A giant cockroach comes into view.
The hound misses you. The killer bee stings you!
You die...

#. ## ##.###
.##
...)..####..###
...............
.).............
...............
.......yy......
B.....Z@y......
##.....yh..###.
#.........#
.............
##.........###
#.........#
#.........#
#.........#


You could see a hound, 4 killer bees, a giant cockroach (wandering) and a howler
monkey skeleton.

Vanquished Creatures
  Robin (D:3)
  9 gnolls
  4 adders
  A worm (D:3)
  2 dart slugs (D:1)
  3 orcs (D:3)
  7 ball pythons
  3 endoplasms
  8 goblins
  10 hobgoblins
  4 jackals (D:2)
  4 kobolds
  7 quokkas
  8 bats
  6 frilled lizards
  6 rats
  7 bushes (D:3)
90 creatures vanquished.

Vanquished Creatures (others)
  4 plants (D:3)
  5 toadstools (D:1)
9 creatures vanquished.

Grand Total: 99 creatures vanquished

Notes
Turn   | Place    | Note
-------+----------+-------------------------------------------
     0 | D:1      | Letschi the Octopode Transmuter began the quest for the
                  | Orb.
     0 | D:1      | Reached XP level 1. HP: 13/13 MP: 3/3
    99 | D:1      | Reached XP level 2. HP: 8/18 MP: 5/5
   804 | D:1      | Reached skill level 3 in Transmutations
   827 | D:1      | Reached XP level 3. HP: 11/23 MP: 6/6
  1064 | D:1      | Learned a level 2 spell: Wereblood
  1068 | D:1      | Learned a level 3 spell: Spider Form
  1460 | D:1      | Reached skill level 1 in Poison Magic
  1522 | D:2      | Found a shimmering blue altar of Sif Muna.
  1935 | D:2      | Reached XP level 4. HP: 17/28 MP: 5/7
  2120 | D:2      | Found a faded altar of an unknown god.
  2931 | D:3      | Reached XP level 5. HP: 24/33 MP: 9/9
  3253 | D:3      | Found an ancient bone altar of Kikubaaqudgha.
  3402 | D:3      | Noticed Robin
  3412 | D:3      | Killed Robin
  3415 | D:3      | Reached skill level 4 in Transmutations
  4816 | D:4      | Slain by a killer bee

Illustrated notes

Levels and vault maps discovered:
D:1:      ldierk_walled_garden, layout_loops_ring, minmay_crystal_room
D:2:      layout_basic, hellmonk_ecumenical_altar_arch_garden, basic_altar,
          wad_floor_pattern_2
D:3:      layout_loops_ring, lemuel_doored_altar, serial_forest,
          infiniplex_forest_lined_3, infiniplex_forest_clump_small,
          infiniplex_forest_straight_2, infiniplex_forest_clump_diagonal,
          infiniplex_forest_end_2, infiniplex_forest_clump_long,
          infiniplex_forest_lined_ring, st_stairs_2, uniq_robin
D:4:      layout_rooms, roderic_batcave, minmay_strange_pillars,
          minmay_misc_feat_columns, uniq_eustachio

Skill      XL: |  1  2  3  4  5 |
---------------+----------------+-----
Transmutations | 3 4 |  4.3
Poison Magic   | 1 2 3 |  3.3
Spellcasting   | 3 |  3.1
Fighting       | |  1.0
Dodging        | |  2.0
Unarmed Combat | |  3.0

Action                   |  1- 3 |  4- 6 || total
-------------------------+-------+-------++-------
Melee: Unarmed           |    83 |   175 ||   258
       Constrict         |    24 |    35 ||    59
       Kick              |    15 |    27 ||    42
       Tentacles         |    12 |    79 ||    91
       Whip              |       |   150 ||   150
       Punch             |       |    13 ||    13
Throw: Dart              |       |     5 ||     5
 Cast: Beastly Appendage |    25 |    29 ||    54
       Wereblood         |       |     6 ||     6
  Use: Scroll            |     1 |     3 ||     4
       Potion            |       |     1 ||     1
 Stab: Sleeping          |     5 |     5 ||    10
Armor: Skin              |     6 |    12 ||    18
Dodge: Dodged            |    61 |    80 ||   141
